 Dungeon Crawl Stone Soup version 0.20.1-1-g8b1a95d (webtiles) character file.

25885 Inchmeat the Fencer (level 13, -8/107 HPs)
             Began as a Barachi Monk on Aug 22, 2017.
             Was a High Priest of Makhleb.
             Mangled by a two-headed ogre
             ... wielding a +1 great mace of flaming
              (15 damage)
             ... on level 4 of the Lair of Beasts.
             The game lasted 01:05:33 (17474 turns).

Inchmeat the Fencer (Barachi Monk)                 Turns: 17474, Time: 01:05:34

Health: -8/107     AC: 24    Str: 22    XL:     13   Next: 22%
Magic:  0/24       EV: 14    Int: 11    God:    Makhleb [*****.]
Gold:   717        SH:  0    Dex: 14    Spells: 12/12 levels left

rFire    . . .     SeeInvis .   O - +1 demon blade (elec)
rCold    . . .     Gourm    .   (no shield)
rNeg     . . .     Faith    .   H - +8 chain mail "Lyrgh" {+Fly rElec MR+}
rPois    .         Spirit   +   (no helmet)
rElec    +         Reflect  .   V - scarf {Spirit}
rCorr    .         Harm     .   d - +0 pair of gloves {archery}
MR       +....                  x - +1 pair of boots {run}
Stlth    ..........             l - amulet of regeneration
Regen    0.7/turn               U - +4 ring of evasion
MPRegen  0.2/turn               X - +4 ring of strength

@: can't hop, berserk cooldown, slowed, very slow
A: +LOS, swims, rugged brown scales 1, high mp 2, slowness 1, evolution 1, no
potion heal 1, strong legs 2
a: Hop, Minor Destruction, Lesser Servant of Makhleb, Major Destruction, Greater
Servant of Makhleb, Renounce Religion, Evoke Flight


You were on level 4 of the Lair of Beasts.
You worshipped Makhleb.
Makhleb was extremely pleased with you.
You were not hungry.

You visited 2 branches of the dungeon, and saw 15 of its levels.
You also visited: Sewer and Volcano.

You collected 850 gold pieces.
You spent 133 gold pieces at shops.

Inventory:

Hand Weapons
 g - the +6 dagger of Xom {vamp, rN+}
   (You bought it in a shop on level 8 of the Dungeon)

   It inflicts no extra harm, but heals its wielder when it wounds a living foe.
   It protects you from negative energy.
 p - a +0 hand crossbow
 t - the +2 flail of Dawn {crush, +Rage +Fly MR+ Str-4}
   (You found it on level 8 of the Dungeon)

   It inflicts extra damage upon your enemies.
   It affects your strength (-4).
   It affects your resistance to hostile enchantments.
   It lets you fly.
   It lets you go berserk.
 O - a +1 demon blade of electrocution (weapon)
Missiles
 r - 23 bolts
 K - 4 javelins
 L - 3 poisoned tomahawks (quivered)
Armour
 d - a +0 pair of gloves of archery (worn)
 x - a +1 pair of boots of running (worn)
 H - the +8 chain mail "Lyrgh" (worn) {+Fly rElec MR+}
   (You found it on level 10 of the Dungeon)

   It insulates you from electricity.
   It affects your resistance to hostile enchantments.
   It lets you fly.
 V - a scarf of spirit shield (worn)
 Z - +0 fire dragon scales
Jewellery
 l - an amulet of regeneration (around neck)
 N - an uncursed ring of positive energy
 T - an uncursed ring of stealth
 U - a +4 ring of evasion (left hand)
 X - a +4 ring of strength (right hand)
Wands
 m - a wand of disintegration (3/24)
 S - a wand of disintegration (12/24)
 Y - a wand of confusion (23/48)
Scrolls
 f - 5 scrolls of remove curse
 i - 2 scrolls of amnesia
 k - 3 scrolls of identify
 n - 5 scrolls of magic mapping
 y - 3 scrolls of recharging
 G - a scroll of brand weapon {unknown}
 M - 2 scrolls of fog
 P - 2 scrolls of immolation {unknown}
 Q - 5 scrolls of teleportation
 R - a scroll of enchant armour {unknown}
Potions
 e - a potion of invisibility
 j - 7 potions of flight
 s - a potion of lignification
 u - a potion of curing
 w - 2 potions of magic
 z - 4 potions of agility
 A - a potion of might
 C - 3 potions of brilliance
Books
 J - a book of Callings

   Spells                             Type                      Level
   a - Summon Small Mammal            Summoning                    1
   b - Call Imp                       Summoning                    2
   c - Call Canine Familiar           Summoning                    3
   d - Summon Guardian Golem          Hexes/Summoning              3
   e - Summon Lightning Spire         Summoning/Air                4
   f - Summon Ice Beast               Ice/Summoning                4
Miscellaneous
 q - a lightning rod (4/4)
Comestibles
 c - 8 bread rations
 o - 43 fruits
 D - 6 royal jellies
 F - 3 chunks of flesh
 W - 5 meat rations


   Skills:
 * Level 10.6 Fighting
 - Level 1.2(10.3) Short Blades
 - Level 16.5 Long Blades
 + Level 1.3 Crossbows
 - Level 0.6 Throwing
 * Level 10.6 Armour
 - Level 3.2 Dodging
 - Level 1.7 Stealth
 + Level 10.2 Invocations
 - Level 0.2 Evocations


You had 12 spell levels left.
You didn't know any spells.

Dungeon Overview and Level Annotations

Branches:
Dungeon (11/15)            Temple (0/1) D:6            Lair (4/6) D:11
 Shoals (0/4) Lair:3        Snake (0/4) Lair:2          Orc (0/2) D:11

Altars:
Ashenzari
Elyvilon
Hepliaklqana
Kikubaaqudgha
Makhleb
Nemelex Xobeh
Okawaru
Sif Muna
Trog
Vehumet
Xom

Shops:
D:5 *   D:8 (

Annotations:
D:4 Cervance's ghost, novice VSTm
D:7 bande's ghost, novice HOFi
D:8 Azure's ghost, novice DsFi
D:9 Urug


Innate Abilities, Weirdness & Mutations

Shadows flee at your approach. (+LOS)
You can swim through water.
You cover ground slowly.
You can hop longer distances.
You are partially covered in rugged brown scales. (AC +1, +3% HP)
You have a considerably increased reservoir of magic. (+20% MP)
You evolve.
Potions are less effective at restoring your health.


Message History

* * * LOW HITPOINT WARNING * * *
There is a stone staircase leading up here.
Unknown command.
The two-headed ogre hits you with a giant club of flaming!
* * * LOW HITPOINT WARNING * * *
The two-headed ogre burns you.
* * * LOW HITPOINT WARNING * * *
The two-headed ogre misses you.
The ogre mage gestures at you while chanting.
You resist with almost no effort.
The two-headed ogre hits you with a giant club of flaming!
* * * LOW HITPOINT WARNING * * *
The two-headed ogre burns you.
* * * LOW HITPOINT WARNING * * *
The two-headed ogre closely misses you.
The two-headed ogre completely misses you.
The two-headed ogre hits you but does no damage.
The ogre mage barely misses you.
The two-headed ogre hits you with a great mace of flaming!!
You die...

.....# #...# ........## ##...#
.........# #....##
...........###.....#
...................#
.............#.....#
..............#...#
#)....$........O..#
#..............O@.###
#.......#......OO.#.#
#.....#...#..P.....#
..........§§..P....######## ## #
.....##.§§§§........##..#(##.##.#
...#....#§§#§...........(.(......
....#...#.#≈§†#.....(............
....#.≈#.≈....†....†.....(.......
......≈..≈.#..#P#.###....#(#..###


You could see 3 two-headed ogres and an ogre mage.

Vanquished Creatures
  3 two-headed ogres
  A death yak (D:10)
  Nergalle (D:10)
  Sonja (Lair:4)
  An unseen horror (D:11)
  2 ugly things (D:11)
  A merfolk siren (Lair:3)
  A black mamba (Lair:2)
  4 spiny frogs
  A gargoyle (D:11)
  6 komodo dragons
  A troll (D:10)
  A polar bear (Lair:3)
  5 blink frogs
  Grinder (D:4)
  7 hippogriffs
  2 wraiths (D:11)
  A basilisk (Lair:3)
  3 wyverns
  44 yaks
  2 hungry ghosts
  3 water moccasins
  5 porcupines
  An orc warrior (D:7)
  2 phantoms
  4 ice beasts
  2 black bears
  2 eyes of draining
  11 wolves
  4 ogres
  2 centaurs
  5 crocodiles
  3 big kobolds
  Blork the orc (D:6)
  A gnoll sergeant (D:11)
  7 bullfrogs
  2 scorpions
  A water moccasin skeleton (D:8)
  4 howler monkeys
  2 electric eels (Lair:3)
  4 bullfrog zombies
  3 crimson imps
  A centaur zombie (D:7)
  4 hounds
  5 orc priests
  3 centaur skeletons
  6 jellies
  8 orc wizards
  2 bullfrog skeletons (D:10)
  10 worker ants
  A hound zombie (D:7)
  3 gnolls (D:11)
  A howler monkey skeleton (D:5)
  21 adders
  4 river rats (Sewer)
  2 shadow imps
  2 oozes (D:5)
  2 adder skeletons
  2 worms (D:4)
  2 dart slugs
  46 orcs
  5 giant cockroaches
  6 goblins
  7 hobgoblins
  2 quokkas
  7 ball pythons
  A ball python skeleton (D:4)
  12 bats
  7 frilled lizards
  24 kobolds
  2 leopard gecko skeletons (D:4)
  2 quokka skeletons (D:4)
  23 rats
381 creatures vanquished.

Vanquished Creatures (collateral kills)
  A troll (D:11)
1 creature vanquished.

Vanquished Creatures (others)
  A bush (Lair:2)
  A fungus (Lair:2)
  5 plants
7 creatures vanquished.

Grand Total: 389 creatures vanquished

Notes
Turn   | Place    | Note
-------+----------+-------------------------------------------
     0 | D:1      | Inchmeat the Barachi Monk began the quest for the Orb.
     0 | D:1      | Reached XP level 1. HP: 18/18 MP: 1/1
     3 | D:1      | Noticed an electric eel
     3 | D:1      | Noticed an electric eel
    69 | D:1      | Reached skill level 4 in Long Blades
    91 | D:1      | Reached XP level 2. HP: 24/24 MP: 2/2
   409 | D:1      | Reached skill level 5 in Long Blades
   409 | D:1      | Reached XP level 3. HP: 28/29 MP: 3/3
  1188 | D:2      | Found an iron altar of Okawaru.
  1379 | D:2      | Reached XP level 4. HP: 23/36 MP: 4/4
  2094 | D:4      | Reached skill level 6 in Long Blades
  2172 | D:4      | Noticed a phantom
  2461 | D:3      | Reached XP level 5. HP: 8/41 MP: 5/5
  2856 | D:4      | Reached skill level 7 in Long Blades
  2907 | D:4      | Noticed Grinder
  3054 | D:3      | Reached XP level 6. HP: 24/47 MP: 6/6
  3068 | D:3      | Reached skill level 8 in Long Blades
  3517 | D:3      | Found an ancient bone altar of Kikubaaqudgha.
  3517 | D:3      | Found a burning altar of Makhleb.
  3537 | D:3      | Became a worshipper of Makhleb the Destroyer
  3537 | D:3      | Reached * piety under Makhleb
  3537 | D:3      | Reached ** piety under Makhleb
  4527 | D:3      | Killed a phantom
  4798 | D:4      | Reached skill level 9 in Long Blades
  4838 | D:4      | Reached XP level 7. HP: 38/52 MP: 7/7
  5888 | D:4      | Noticed Cervance's ghost (novice VSTm)
  5893 | D:4      | Paralysed by Grinder for 2 turns
  5898 | D:4      | Paralysed by Grinder for 7 turns
  6327 | D:4      | Reached skill level 10 in Long Blades
  6616 | D:5      | Entered Level 5 of the Dungeon
  6676 | D:5      | Found a glowing drain.
  6691 | Sewer    | Entered a sewer
  6849 | Sewer    | Reached *** piety under Makhleb
  6950 | Sewer    | Reached skill level 1 in Invocations
  7189 | Sewer    | Reached XP level 8. HP: 54/59 MP: 8/8
  7403 | D:5      | Found a shimmering altar of Xom.
  7554 | D:4      | Found a radiant altar of Vehumet.
  7592 | D:4      | Paralysed by Grinder for 3 turns
  7599 | D:4      | Paralysed by Grinder for 4 turns
  7610 | D:4      | Killed Grinder
  7610 | D:4      | Reached skill level 11 in Long Blades
  7667 | D:5      | Found a white marble altar of Elyvilon.
  7691 | D:5      | Found Zuicof's Assorted Antiques.
  8285 | D:6      | Noticed Blork the orc
  8348 | D:6      | Found a hazy altar of Hepliaklqana.
  8420 | D:6      | Reached **** piety under Makhleb
  8451 | D:6      | Gained mutation: Armour fits poorly on your strangely shaped body. [potion of mutation]
  8451 | D:6      | Gained mutation: Your magical capacity is low. (-10% MP) [potion of mutation]
  8451 | D:6      | Lost mutation: Your magical capacity is low. (-10% MP) [potion of mutation]
  8451 | D:6      | Gained mutation: Your flesh is heat resistant. (rF+) [potion of mutation]
  8505 | D:6      | Found a staircase to the Ecumenical Temple.
  8526 | D:6      | Killed Blork the orc
  8526 | D:6      | Reached skill level 12 in Long Blades
  8629 | D:6      | Found a deep blue altar of Sif Muna.
  8629 | D:6      | Found a bloodstained altar of Trog.
  9292 | D:7      | Noticed a two-headed ogre
  9305 | D:7      | Killed a two-headed ogre
  9305 | D:7      | Reached skill level 13 in Long Blades
  9305 | D:7      | Reached XP level 9. HP: 63/64 MP: 10/10
  9529 | D:7      | Noticed bande's ghost (novice HOFi)
  9925 | D:7      | Reached skill level 14 in Long Blades
 10056 | D:8      | Noticed a two-headed ogre
 10147 | D:9      | Found a shattered altar of Ashenzari.
 10464 | D:9      | Reached skill level 5 in Invocations
 10523 | D:9      | Reached XP level 10. HP: 67/70 MP: 0/14
 10841 | D:8      | Got an encrusted flail
 10842 | D:8      | Identified the +2 flail of Dawn {crush, +Rage +Fly MR+ Str-4} (You found it on level 8 of the Dungeon)
 10892 | D:8      | Noticed Azure's ghost (novice DsFi)
 11015 | D:10     | Entered Level 10 of the Dungeon
 11041 | D:10     | Got a jasper-studded chain mail
 11057 | D:10     | Identified the +8 chain mail "Lyrgh" {+Fly rElec MR+} (You found it on level 10 of the Dungeon)
 11194 | D:9      | You fall through a shaft!
 11199 | D:10     | Noticed Nergalle
 11208 | D:10     | Killed Nergalle
 11211 | D:10     | Reached skill level 1 in Crossbows
 11229 | D:10     | Noticed a death yak
 11385 | D:10     | Reached ***** piety under Makhleb
 11499 | D:10     | Killed a two-headed ogre
 11603 | D:10     | Noticed Urug
 11690 | D:8      | Found a sparkling altar of Nemelex Xobeh.
 11947 | D:8      | Found Wuunyihi's Antique Weapon Boutique.
 11953 | D:8      | Bought a fine dagger for 133 gold pieces
 11956 | D:8      | Identified the +6 dagger of Xom {vamp, rN+} (You bought it in a shop on level 8 of the Dungeon)
 12056 | D:10     | Identified a +1 pair of boots of running (You found it on level 10 of the Dungeon)
 12346 | D:10     | Reached XP level 11. HP: 50/75 MP: 18/18
 12453 | D:10     | Reached skill level 15 in Long Blades
 12572 | D:10     | Killed a death yak
 12725 | D:11     | Found a staircase to the Lair.
 12730 | D:11     | Noticed a green ugly thing
 12758 | D:11     | Killed a green ugly thing
 12786 | D:11     | Lost mutation: Your flesh is heat resistant. (rF+) [potion of mutation]
 12786 | D:11     | Lost mutation: Armour fits poorly on your strangely shaped body. [potion of mutation]
 12786 | D:11     | Gained mutation: Potions are less effective at restoring your health. [potion of mutation]
 12786 | D:11     | Gained mutation: You evolve. [potion of mutation]
 12786 | D:11     | Gained mutation: You have an increased reservoir of magic. (+10% MP) [potion of mutation]
 12833 | D:11     | Reached skill level 10 in Invocations
 13296 | D:11     | Reached skill level 1 in Armour
 13315 | D:11     | Noticed a purple ugly thing
 13328 | D:11     | Killed a purple ugly thing
 13440 | D:11     | Found a staircase to the Orcish Mines.
 13491 | D:11     | Killed an unseen horror
 13491 | D:11     | Reached skill level 5 in Fighting
 14328 | Lair:1   | Entered Level 1 of the Lair of Beasts
 14475 | Lair:1   | Reached skill level 5 in Armour
 14475 | Lair:1   | Reached XP level 12. HP: 58/89 MP: 21/21
 14578 | Lair:1   | Reached skill level 1 in Short Blades
 14615 | Lair:1   | Found a deep blue altar of Sif Muna.
 14806 | Lair:1   | Reached skill level 16 in Long Blades
 15106 | Lair:1   | Gained mutation: You are partially covered in rugged brown scales. (AC +1, +3% HP) [evolution]
 15581 | Lair:2   | Noticed a five-headed hydra
 16024 | Lair:2   | Identified a scroll of acquirement
 16151 | Lair:2   | Reached ****** piety under Makhleb
 16256 | Lair:2   | Found a staircase to the Snake Pit.
 16366 | Lair:2   | Gained mutation: You can hop longer distances. [Barachi growth]
 16366 | Lair:2   | Reached XP level 13. HP: 84/106 MP: 14/22
 16558 | Lair:3   | Gained mutation: You have a considerably increased reservoir of magic. (+20% MP) [evolution]
 16613 | Lair:3   | Reached skill level 10 in Fighting
 16745 | Lair:3   | Got a polished ring mail
 16747 | Lair:3   | Identified the cursed +0 ring mail of Immorality {-Cast Int+5} (You found it on level 3 of the Lair of Beasts)
 16892 | Lair:3   | Found a staircase to the Shoals.
 16909 | Lair:3   | Reached skill level 10 in Armour
 17221 | Lair:4   | Noticed Sonja
 17234 | Lair:4   | Killed Sonja
 17399 | Lair:4   | Found a dark tunnel.
 17415 | Volcano  | Entered a volcano
 17419 | Volcano  | Noticed an ogre mage
 17474 | Lair:4   | Mangled by a two-headed ogre

Skill      XL: |  1  2  3  4  5  6  7  8  9 10 11 12 13 |
---------------+----------------------------------------+-----
Long Blades    | 4 5 6 7 9 10 13 14 15 16 | 16.5
Invocations    | 1 2 5 9 10 | 10.2
Crossbows      | 1 |  1.3
Fighting       | 6 9 10 | 10.6
Armour         | 5 9 10 | 10.6
Short Blades   | 1 |  1.2
Throwing       | |  0.6
Dodging        | |  3.2
Stealth        | |  1.7
Evocations     | |  0.2

Action                   |  1- 3 |  4- 6 |  7- 9 | 10-12 | 13-15 || total
-------------------------+-------+-------+-------+-------+-------++-------
Melee: Falchion          |   104 |   297 |   370 |       |       ||   771
       Long sword        |       |       |   304 |       |       ||   304
       Great sword       |       |       |       |   574 |       ||   574
       Dagger            |       |       |       |   222 |       ||   222
       Demon blade       |       |       |       |    90 |   100 ||   190
       Flail             |       |       |       |    10 |       ||    10
Throw: Tomahawk          |       |     3 |     5 |    10 |       ||    18
       Throwing net      |       |       |     1 |     1 |       ||     2
       Javelin           |       |       |       |    17 |       ||    17
Invok: Minor Destruction |       |       |       |    12 |       ||    12
       Lesser Servant of |       |       |       |     2 |     4 ||     6
 Abil: Hop               |     2 |     1 |     2 |     9 |     3 ||    17
Evoke: Lightning rod     |       |       |       |     4 |       ||     4
       Wand              |       |       |       |     4 |     2 ||     6
  Use: Potion            |     2 |     5 |     7 |     9 |     2 ||    25
       Scroll            |     2 |       |    15 |     9 |     4 ||    30
 Stab: Sleeping          |     4 |       |     1 |       |       ||     5
       Distracted        |       |       |       |       |     1 ||     1
  Eat: Chunk             |     1 |     8 |    15 |    13 |     3 ||    40
       Royal jelly       |       |     3 |       |       |       ||     3
       Meat ration       |       |       |     1 |     2 |       ||     3
       Fruit             |       |       |     1 |     5 |       ||     6
       Bread ration      |       |       |     1 |     3 |       ||     4
Armor: Robe              |    20 |       |       |       |       ||    20
       Skin              |    28 |     2 |       |       |       ||    30
       Ring mail         |    12 |    91 |   211 |     9 |       ||   323
       Chain mail        |       |       |       |   576 |    63 ||   639
Dodge: Dodged            |    91 |   184 |   386 |   440 |    82 ||  1183
       Rpst.: Falchion   |    32 |    64 |    64 |       |       ||   160
       Long sword        |       |       |    38 |       |       ||    38
       Great sword       |       |       |       |    85 |       ||    85
       Demon blade       |       |       |       |    17 |    13 ||    30
